 Dungeon Crawl Stone Soup version 0.31-a0-640-g39d97e502b (webtiles) character file.

Game seed: 9922337055098207301

718 qw the Shooter (level 7, -6/44 HPs)
             Began as a Gargoyle Hunter on Aug 27, 2023.
             Was a Follower of Okawaru.
             Mangled by a hornet (12 damage)
             ... on level 7 of the Dungeon.
             The game lasted 00:01:26 (3306 turns).

qw the Shooter (Gargoyle Hunter)                    Turns: 3306, Time: 00:01:26

Health: -6/44      AC: 15    Str: 14    XL:     7   Next: 70%
Magic:  6/7        EV: 13    Int: 10    God:    Okawaru [*.....]
Gold:   204        SH:  0    Dex: 15    Spells: 6/6 levels left

rFire   . . .        Y - +0 shortbow
rCold   . . .        (shield currently unavailable)
rNeg    + . .        b - +0 ring mail
rPois   inf          i - +1 helmet
rElec   +            (no cloak)
rCorr   .            s - +0 pair of gloves
SInv    .            (no boots)
Will    .....        e - amulet of faith
Stlth   +++          (no ring)
HPRegen 0.27/turn    (no ring)
MPRegen 0.10/turn

%: faith
@: about to teleport, heroic
A: sickness immunity, AC +4, negative energy resistance 1, electricity
resistance, torment resistance 1, petrification resistance
a: Renounce Religion, Heroism


You were on level 7 of the Dungeon.
You worshipped Okawaru.
Okawaru was aware of your devotion.
You visited 2 branches of the dungeon, and saw 7 of its levels.

You collected 204 gold pieces.


Innate Abilities, Weirdness & Mutations

You are immune to sickness and miasma.
Your stone body is resilient. (AC +4)
You are immune to poison.
You resist negative energy. (rN+)
You are resistant to electric shocks. (rElec)
You are resistant to unholy torment.
You are immune to petrification.


   Skills:
 - Level 4.6(9.6) Fighting
 + Level 7.8(12.8) Ranged Weapons
 - Level 2.5(7.5) Armour
 - Level 1.5(6.5) Dodging
 - Level 1.1(6.1) Stealth
 + Level 1.2 Invocations


You had 6 spell levels left.
You didn't know any spells.
Your spell library was empty.

Inventory:

Hand Weapons
 Y - a +0 shortbow (weapon)
Armour
 b - a +0 ring mail (worn)
 i - a +1 helmet (worn)
 s - a +0 pair of gloves (worn)
Jewellery
 e - an amulet of faith (around neck)
 n - a ring of ice
Scrolls
 a - a scroll of identify
Potions
 c - a potion of mutation {unknown}
 d - 2 potions of cancellation
 f - 2 potions of curing
 l - a potion of enlightenment
 m - a potion of might {unknown}
 p - a potion of haste {unknown}

Dungeon Overview and Level Annotations

Branches:
Dungeon (5/15)             Temple (1/1) D:4

Altars:
Cheibriados
Dithmenos
Elyvilon
Fedhas
Hepliaklqana
Makhleb
Nemelex Xobeh
Okawaru
Qazlal
Ru
Trog
Uskayaw
Vehumet
Wu Jian
Xom
Yredelemnul
The Shining One

Shops:
D:7 [


Message History

The arrow hits the hornet but does no damage.
The hornet is moderately wounded.
The hornet closely misses you. The hornet stings you.
You shoot an arrow.
The arrow hits the hornet but does no damage.
The hornet is moderately wounded.
The hornet stings you.
You shoot an arrow.
The arrow hits the hornet but does no damage.
The hornet is moderately wounded.
The hornet stings you but does no damage.
You shoot an arrow. The arrow barely misses the hornet.
The hornet stings you.
You shoot an arrow. The arrow barely misses the hornet.
The hornet stings you but does no damage. x2
You shoot an arrow.
The arrow hits the hornet but does no damage.
The hornet is moderately wounded.
The hornet stings you.
You shoot an arrow.
The arrow hits the hornet but does no damage.
The hornet is moderately wounded.
The hornet stings you!
3302 ||| READING scroll of teleportation.
As you read the scroll of teleportation, it crumbles to dust.
You feel strangely unstable. The hornet stings you. The hornet misses you.
You shoot an arrow. The arrow misses the hornet.
The hornet barely misses you.
You shoot an arrow. The arrow hits the hornet.
The hornet is heavily wounded.
The hornet barely misses you.
You shoot an arrow.
The arrow hits the hornet but does no damage.
The hornet is heavily wounded.
The hornet stings you.
You shoot an arrow. The arrow misses the hornet.
The hornet stings you but does no damage.
The hornet stings you!
You die...

######### #........
...........# #........
.......^...# #........
...........# #........
...........# ##........
...........# #.........
.....!.....####.........
.......%.............<..
.....[y@...###.......###
..8........##......P...(
........)..##....PP.P.)#
8.\.8.#######..PP....P).
##<### ##.PP.8.P.%# #
#.P....P..# #..PPPP...#
##...P..... #......###


You could see a hornet.

Vanquished Creatures
  A water moccasin (D:7)
  An ice beast (D:5)
  An ogre (D:3)
  2 scorpions
  An orc priest (D:7)
  4 hounds
  2 iguanas (D:4)
  3 adders
  An ufetubus (D:4)
  2 worms (D:3)
  5 dart slugs
  4 orcs
  3 ball pythons
  9 endoplasms
  2 giant cockroaches
  7 goblins
  4 hobgoblins
  3 jackals (D:1)
  3 quokkas
  6 bats
  2 frilled lizards
  2 kobolds (D:1)
  6 rats
74 creatures vanquished.

Notes
Turn   | Place    | Note
-------+----------+-------------------------------------------
     0 | D:1      | qw the Gargoyle Hunter began the quest for the Orb.
     0 | D:1      | Reached XP level 1. HP: 12/12 MP: 1/1
     0 | D:1      | 0 ||| qw: Version: 0.3-a-74-g0d5e918
     0 | D:1      | 0 ||| qw: Game counter: 23
     0 | D:1      | 0 ||| qw: Melee chars always use a shield: true
     0 | D:1      | 0 ||| qw: God list: Okawaru
     0 | D:1      | 0 ||| qw: Allow faded altars: false
     0 | D:1      | 0 ||| qw: Do Orc after clearing Dungeon:15 true
     0 | D:1      | 0 ||| qw: Do second Lair branch before Depths: true
     0 | D:1      | 0 ||| qw: Lair rune preference: random
     0 | D:1      | 0 ||| qw: Goals: Normal
     0 | D:1      | 0 ||| PLANNING D:1-11
    75 | D:1      | Reached XP level 2. HP: 17/17 MP: 2/2
   431 | D:1      | Found Ycyux's Weapon Boutique.
   456 | D:1      | Reached XP level 3. HP: 21/21 MP: 3/3
   549 | D:1      | Reached skill level 5 in Ranged Weapons
   729 | D:1      | Found a faded altar of an unknown god.
   756 | D:1      | 756 ||| UPGRADING to +0 helmet.
   761 | D:1      | 761 ||| READING 3 scrolls labelled CICVAU QIDIHOQ.
   762 | D:1      | 762 ||| READING 2 scrolls labelled SARYKK CUMOET.
   767 | D:1      | 767 ||| READING scroll labelled DIMYMO PABY.
   768 | D:1      | 768 ||| DRINKING 2 red potions.
   769 | D:1      | 769 ||| READING 2 scrolls of identify.
   769 | D:1      | 769 ||| IDENTIFYING viscous clear potion
   770 | D:1      | 770 ||| DROPPING scroll of butterflies.
   920 | D:2      | Found a bloodstained altar of Trog.
  1320 | D:2      | 1320 ||| UPGRADING to amulet of faith.
  1325 | D:2      | 1325 ||| READING scroll labelled KUMAUFYUGI.
  1326 | D:2      | 1326 ||| READING scroll labelled LONTUCA WASTI.
  1327 | D:2      | 1327 ||| READING scroll labelled QOAPURE AHOE.
  1328 | D:2      | 1328 ||| READING scroll labelled QAUPNETIMA.
  1613 | D:3      | Noticed an ogre
  1619 | D:3      | Killed an ogre
  1620 | D:3      | Reached XP level 4. HP: 30/30 MP: 4/4
  1620 | D:3      | Reached XP level 5. HP: 34/34 MP: 5/5
  1719 | D:3      | Found a snail-covered altar of Cheibriados.
  1720 | D:3      | 1720 ||| DRINKING 2 fuming inky potions.
  2389 | D:4      | Reached skill level 6 in Ranged Weapons
  2389 | D:4      | Reached XP level 6. HP: 36/39 MP: 6/6
  2411 | D:4      | 2411 ||| READING scroll of enchant armour.
  2411 | D:4      | 2411 ||| ENCHANTING +0 helmet.
  2466 | D:4      | Reached skill level 1 in Armour
  2567 | D:4      | Found a staircase to the Ecumenical Temple.
  2568 | D:4      | 2568 ||| PLANNING TEMPLE
  2568 | D:4      | 2568 ||| UPGRADING to +0 ring mail.
  2578 | D:4      | 2578 ||| DROPPING +0 leather armour.
  2579 | D:4      | 2579 ||| UPGRADING to +0 pair of gloves.
  2584 | D:4      | 2584 ||| READING scroll labelled IDEAHA ZOIL.
  2585 | D:4      | 2585 ||| READING scroll labelled FUKUDGH URINE.
  2614 | D:4      | 2614 ||| DRINKING 2 sapphire potions.
  2615 | D:4      | 2615 ||| DRINKING 2 fuming cyan potions.
  2616 | D:4      | 2616 ||| DRINKING 2 fuming green potions.
  2720 | D:4      | 2720 ||| READING 2 scrolls of identify.
  2720 | D:4      | 2720 ||| IDENTIFYING purple potion
  2721 | D:4      | 2721 ||| DROPPING potion of attraction.
  2722 | D:4      | 2722 ||| DROPPING potion of brilliance.
  2723 | D:4      | 2723 ||| DROPPING potion of berserk rage.
  2731 | Temple   | Entered the Ecumenical Temple
  2732 | Temple   | 2732 ||| PLANNING OKAWARU WORSHIP
  2737 | Temple   | Became a worshipper of Warmaster Okawaru
  2738 | Temple   | 2738 ||| PLANNING D:1-11
  2857 | D:5      | Entered Level 5 of the Dungeon
  2857 | D:5      | Noticed an ice beast
  2858 | D:5      | 2858 ||| Stepping ~*~*~tactically~*~*~ (retreating).
  2861 | D:5      | 2861 ||| Stepping ~*~*~tactically~*~*~ (retreating).
  2878 | D:5      | Killed an ice beast
  2882 | D:5      | HP: 6/39 [scorpion (6)]
  2883 | D:5      | 2883 ||| READING 2 scrolls of teleportation.
  2884 | D:5      | 2884 ||| DRINKING potion of heal wounds.
  2886 | D:5      | Reached skill level 7 in Ranged Weapons
  2886 | D:5      | Reached XP level 7. HP: 32/44 MP: 7/7
  3105 | D:5      | You fall into a shaft and drop 2 floors!
  3137 | D:7      | Reached * piety under Okawaru
  3167 | D:7      | 3167 ||| INVOKING Heroism.
  3253 | D:7      | Found Tacrax's Armour Emporium.
  3276 | D:7      | Reached skill level 1 in Invocations
  3287 | D:7      | Noticed a hornet
  3294 | D:7      | 3294 ||| INVOKING Heroism.
  3301 | D:7      | HP: 7/44 [hornet (13)]
  3302 | D:7      | 3302 ||| READING scroll of teleportation.
  3306 | D:7      | Mangled by a hornet

Levels and vault maps discovered:
D:1:      matt_arrival_refuge, layout_loops_ring, serial_shops, shop,
          shapermc_ecumenical_altar_mp_vishouse
D:2:      layout_basic, basic_altar
D:3:      layout_loops_ring, cheibrodos_worm_habitat
D:4:      layout_cave_pools, minmay_temple_entry_wispy
D:5:      layout_loops_cross, serial_shops, nicolae_shop_real_fake_doors
D:7:      layout_basic, led_sif_book, gammafunk_ghost_icy, serial_shops, shop,
          nicolae_shop_tiny_real_fake_doors, nicolae_shop_overgrown_old_shop,
          nicolae_shop_statue_plus, shop, dreamdust_mushroom_princess,
          nicolae_elemental_shop, minmay_hollow_rounded_squares
Temple:   eino_temple_rhombus

Skill      XL: |  1  2  3  4  5  6  7 |
---------------+----------------------+-----
Ranged Weapons | 5 6 7 |  7.8
Fighting       | 4 |  4.6
Armour         | 1 2 |  2.5
Invocations    | 1 |  1.2
Dodging        | |  1.5
Stealth        | |  1.1

Action                     |  1- 3 |  4- 6 |  7- 9 || total
---------------------------+-------+-------+-------++-------
   Fire: Shortbow          |   115 |   129 |    91 ||   335
 Invoke: Heroism           |       |       |     2 ||     2
    Use: Scroll            |     8 |     5 |     1 ||    14
         Potion            |     1 |     5 |       ||     6
 Armour: Leather armour    |    22 |    17 |       ||    39
         Ring mail         |       |    10 |    49 ||    59
  Dodge: Dodged            |    39 |    40 |    47 ||   126

Table legend:
 A = Non-vault XP
 B = Vault XP
 C = Vault XP percentage of total XP
 D = Non-vault monster count
 E = Vault monster count
 F = Vault count percentage of total count
                 A         B        C        D         E       F
            +---------+---------+-------+---------+---------+-------
      Total |    1021 |       5 |   0.5 |      73 |       1 |   1.4
            +---------+---------+-------+---------+---------+-------
        D:1 |      47 |       0 |   0.0 |      26 |       0 |   0.0
        D:2 |       9 |       0 |   0.0 |       7 |       0 |   0.0
        D:3 |     141 |       5 |   3.4 |      12 |       1 |   7.7
        D:4 |     282 |       0 |   0.0 |      17 |       0 |   0.0
        D:5 |     288 |       0 |   0.0 |       5 |       0 |   0.0
        D:7 |     254 |       0 |   0.0 |       6 |       0 |   0.0
            +---------+---------+-------+---------+---------+-------
